 Dungeon Crawl Stone Soup version 0.19.1-1-g22dce08 (webtiles) character file.

1759 schternis the Skirmisher (level 9, -1/64 HPs)
             Began as an Octopode Assassin on Jan 18, 2017.
             Was a Believer of Ru.
             Slain by a hippogriff (4 damage)
             ... on level 7 of the Dungeon.
             The game lasted 00:28:09 (7695 turns).

schternis the Skirmisher (Octopode Assassin)        Turns: 7695, Time: 00:28:10

Health: -1/64      AC:  1    Str: 12    XL:     9   Next: 7%
Magic:  9/9        EV: 16    Int: 14    God:    Ru [**....]
Gold:   394        SH:  0    Dex: 14    Spells: 0 memorised, 8 levels left

rFire  . . .     SeeInvis .     a - +3 dagger
rCold  . . .     Gourm    .     (no shield)
rNeg   + . .     Faith    .     (helmet restricted)
rPois  .         Spirit   .     (no amulet)
rElec  .         Reflect  .     e - ring of positive energy
rCorr  .         Harm     .     (no ring)
MR     .....                    (no ring)
Stlth  ++++......               (no ring)
                                (no ring)
                                (no ring)
                                (no ring)
                                (no ring)

@: no status effects
A: almost no armour, stealthy swim, amphibious, 8 rings, constrict 8, camouflage
1, high mp 1, slow regeneration 1, gelatinous body 1, no charms magic, no poison
magic, no transmutations magic
a: Renounce Religion


You were on level 7 of the Dungeon.
You worshipped Ru.
Ru was pleased with you.
You were not hungry.

You visited 1 branch of the dungeon, and saw 7 of its levels.

You collected 394 gold pieces.

Inventory:

Hand Weapons
 a - a +3 dagger (weapon)
 b - a +0 blowgun
 s - a +0 rapier
Missiles
 c - 22 poisoned needles
 d - 2 curare-tipped needles
Armour
 n - a +1 buckler
Jewellery
 e - a ring of positive energy (left tentacle)
 u - an uncursed ring of poison resistance {unknown}
 D - an uncursed ring of protection from cold {unknown}
Wands
 w - a wand of slowing (23/48)
 B - a wand of paralysis (24/24)
Scrolls
 k - 3 scrolls of enchant armour
 m - 2 scrolls of recharging
 p - 2 scrolls of remove curse
 x - 2 scrolls of magic mapping
 z - 3 scrolls of identify
 E - a scroll of enchant weapon
 F - a scroll of blinking {unknown}
Potions
 f - 2 potions of heal wounds
 g - 3 potions of mutation
 h - a potion of lignification
 i - a potion of might
 j - a potion of cancellation
 o - 3 potions of ambrosia
 q - 3 potions of haste
 r - 2 potions of curing
 v - 2 potions of brilliance
 A - a potion of degeneration {unknown}
Books
 y - a book of Changes

   Spells                             Type                      Level
   a - Beastly Appendage              Transmutation                1
   b - Sticks to Snakes               Transmutation                2
   c - Spider Form                    Transmutation/Poison         3
   d - Ice Form                       Ice/Transmutation            4
   e - Blade Hands                    Transmutation                5
Miscellaneous
 l - a disc of storms
Comestibles
 C - 2 bread rations


   Skills:
 * Level 7.6 Fighting
 + Level 5.5 Short Blades
 - Level 2.0 Throwing
 + Level 5.0 Dodging
 - Level 5.3 Stealth
 + Level 4.2 Shields


You had 8 spell levels left.
You didn't know any spells.

Dungeon Overview and Level Annotations

Branches:
Dungeon (7/15)             Temple (0/1) D:6

Altars:
Ashenzari
Fedhas
Gozag
Nemelex Xobeh
Okawaru
Qazlal
Ru
Trog
Vehumet


Innate Abilities, Weirdness & Mutations

You cannot wear most types of armour.
You are very stealthy in the water. (Stealth+)
You are amphibious.
You can wear up to eight rings at the same time.
You can use your tentacles to constrict eight enemies at once.
Your skin changes colour to match your surroundings (Stealth+).
You regenerate slowly when monsters are visible.
Your rubbery body absorbs attacks. (AC +1, EV +1)
You cannot study or cast Charms magic.
You cannot study or cast Poison magic.
You cannot study or cast Transmutations magic.
You have an increased reservoir of magic. (+10% MP)


Message History

You hit the hippogriff.
You squeeze the hippogriff, but do no damage.
The hippogriff is heavily wounded.
The hippogriff bites you!
* * * LOW HITPOINT WARNING * * *
The hippogriff pecks you.
* * * LOW HITPOINT WARNING * * *
The hippogriff barely misses you.
You feel much better. The hippogriff barely misses you. x2
The hippogriff misses you.
You hit the hippogriff.
The hippogriff is heavily wounded.
You hit the hippogriff.
The hippogriff is severely wounded.
The hippogriff bites you!
* * * LOW HITPOINT WARNING * * *
The hippogriff pecks you!
* * * LOW HITPOINT WARNING * * *
The hippogriff claws you.
You die...

#
#.###.#####
#.....H@..#
#####?###.#
# #.# #.#
#.# #.# #.#
#.# #.# #.#
#.#


You could see a hippogriff.

Vanquished Creatures
  A hippogriff (D:5)
  A water moccasin (D:5)
  A sky beast (D:6)
  A phantom (D:5)
  A big kobold (D:6)
  4 scorpions
  A bullfrog zombie (D:6)
  3 crimson imps
  A howler monkey (D:5)
  A centaur zombie (D:5)
  3 hounds
  2 orc priests
  A jelly (D:6)
  7 orc wizards
  2 centaur skeletons (D:5)
  An iguana (D:6)
  3 worker ants (D:5)
  2 hound skeletons
  2 gnolls (D:1)
  8 adders
  3 shadow imps
  An adder zombie (D:5)
  A worm (D:4)
  2 dart slugs
  7 leopard geckos
  34 orcs
  A ball python (D:5)
  4 giant cockroaches
  7 goblins
  15 hobgoblins
  7 jackals
  8 kobolds
  4 quokkas
  9 bats
  5 frilled lizards
  A leopard gecko skeleton (D:4)
  10 rats
165 creatures vanquished.

Notes
Turn   | Place    | Note
-------+----------+-------------------------------------------
     0 | D:1      | schternis the Octopode Assassin began the quest for the Orb.
     0 | D:1      | Reached XP level 1. HP: 14/14 MP: 1/1
   149 | D:1      | Reached XP level 2. HP: 19/20 MP: 2/2
   229 | D:1      | HP: 1/20 [gnoll/spear (2)]
   241 | D:1      | Reached XP level 3. HP: 2/25 MP: 3/3
   894 | D:1      | Reached skill level 3 in Fighting
  1213 | D:1      | Reached XP level 4. HP: 29/31 MP: 4/4
  1545 | D:2      | Found a sacrificial altar of Ru.
  1552 | D:2      | Became a worshipper of Ru the Awakened
  1596 | D:2      | Found a shattered altar of Ashenzari.
  1696 | D:2      | Found a bloodstained altar of Trog.
  1702 | D:2      | Found a sparkling altar of Nemelex Xobeh.
  2483 | D:3      | Reached XP level 5. HP: 33/37 MP: 5/5
  2586 | D:3      | Found a stormy altar of Qazlal.
  2641 | D:3      | Found an opulent altar of Gozag.
  2641 | D:3      | Found a blossoming altar of Fedhas.
  2721 | D:3      | Reached skill level 4 in Fighting
  2887 | D:3      | Gained mutation: You cannot study or cast Poison magic. [Ru sacrifice]
  2887 | D:3      | Gained mutation: You cannot study or cast Transmutations magic. [Ru sacrifice]
  2887 | D:3      | Gained mutation: You cannot study or cast Charms magic. [Ru sacrifice]
  2887 | D:3      | Reached * piety under Ru
  3313 | D:3      | Reached skill level 1 in Shields
  3568 | D:4      | Gained mutation: You have an increased reservoir of magic. (+10% MP) [potion of beneficial mutation]
  3619 | D:4      | Found an iron altar of Okawaru.
  3626 | D:4      | Reached XP level 6. HP: 43/44 MP: 6/6
  3965 | D:4      | Found an opulent altar of Gozag.
  4090 | D:5      | Entered Level 5 of the Dungeon
  4304 | D:5      | Found a radiant altar of Vehumet.
  4394 | D:5      | Reached skill level 5 in Fighting
  4538 | D:5      | Reached XP level 7. HP: 50/50 MP: 7/7
  4597 | D:5      | HP: 2/50 [poisoned by a scorpion]
  4605 | D:5      | HP: 2/50 [poisoned by a scorpion]
  5059 | D:5      | Reached skill level 6 in Fighting
  5068 | D:5      | Gained mutation: You regenerate slowly when monsters are visible. [Ru sacrifice]
  5068 | D:5      | Reached ** piety under Ru
  5275 | D:5      | Noticed a hippogriff
  5283 | D:5      | Reached XP level 8. HP: 35/57 MP: 8/8
  5288 | D:5      | Killed a hippogriff
  6030 | D:6      | Found a staircase to the Ecumenical Temple.
  6383 | D:6      | Reached skill level 7 in Fighting
  6383 | D:6      | Reached skill level 5 in Short Blades
  7392 | D:7      | Reached skill level 5 in Dodging
  7392 | D:7      | Reached XP level 9. HP: 52/64 MP: 9/9
  7692 | D:7      | HP: 3/64 [hippogriff (6)]
  7695 | D:7      | Slain by a hippogriff

Skill      XL: |  1  2  3  4  5  6  7  8 |
---------------+-------------------------+-----
Fighting       | 3 4 5 6 7 |  7.6
Dodging        | 2 3 4 5 |  5.0
Short Blades   | 3 4 5 |  5.5
Shields        | 1 2 3 4 |  4.2
Throwing       | |  2.0
Stealth        | |  5.3

Action                   |  1- 3 |  4- 6 |  7- 9 || total
-------------------------+-------+-------+-------++-------
Melee: Dagger            |    74 |   169 |   237 ||   480
       Constrict         |    18 |    36 |    43 ||    97
       Tentacles         |    15 |    35 |    57 ||   107
Invok: Sacrifice Arcana  |       |     1 |       ||     1
       Sacrifice Purity  |       |       |     1 ||     1
  Use: Scroll            |     1 |     9 |     7 ||    17
       Potion            |       |     1 |     3 ||     4
 Stab: Sleeping          |     8 |    19 |    11 ||    38
       Distracted        |       |     2 |       ||     2
  Eat: Bread ration      |       |     1 |     1 ||     2
       Meat ration       |       |     1 |       ||     1
       Beef jerky        |       |     1 |     1 ||     2
       Chunk             |       |       |     3 ||     3
       Pizza             |       |       |     1 ||     1
Armor: Skin              |    10 |     6 |     3 ||    19
Dodge: Dodged            |    45 |    76 |   123 ||   244
